[Event "SixDays Budapest March IM B 2025"]
[Site "Budapest"]
[Date "2025.03.25"]
[Round "3.1"]
[White "Banerjee, Supratit"]
[Black "Chakrabarty, Reyaansh"]
[Result "0-1"]
[Annotator "NA RC"]
[ECO "B12"]
[WhiteElo "2250"]
[BlackElo "2181"]
[PlyCount "126"]
[EventDate "2025.03.23"]
[EventCountry "HUN"]
[SourceTitle "playchess.com"]
[Source "ChessBase"]
[SourceQuality "1"]
[TimeControl "5400+30"]

1. e4 c6 2. d4 d5 3. e5 c5 4. Nf3 cxd4 5. Nxd4 Nc6 6. Nxc6 bxc6 7. Bd3 e6 8. O-O Ne7 9. Nd2 a5 10. Qe2 Ng6 11. Nf3 Be7 12. g3 O-O 13. h4 f6 14. exf6 Bxf6 15. h5 e5 16. hxg6 e4 17. Bxe4 dxe4 18. gxh7+ Kh8 19. Qxe4 Re8 20. Qg6 Bh3 21. Bg5 Bxf1 22. Rxf1 Rf8 23. Bxf6 Qxf6 24. Qxf6 gxf6 25. Nd4 Rfd8 26. c3 c5 27. Nb3 Rd5 28. c4 Re5 29. Nc1 Rd8 30. a4 Rd4 31. Nb3 Rxc4 32. Nxa5 Rxa4 33. Nc6 Re8 34. Rc1 Ra6 35. Rxc5 Rc8 36. b4 Raxc6 37. Rh5 Rb6 38. b5 Rc7 39. Kg2 Rxh7 40. Rf5 Rhb7 41. Rf4 Kg7 42. Rg4+ Kf7 43. Rf4 Rxb5 44. Rf3 Kg6 45. Rd3 f5 46. Rd6+ Kg7 47. Kh3 Rb4 48. Rd5 Kf6 49. Kg2 Rb2 50. Rd8 Rc7 51. Rd3 Rcc2 52. Rf3 Kg5 53. Rf4 Re2 54. Rf3 Re4 55. Ra3 Kg4 56. Ra8 Ree2 57. Ra4+ Kg5 58. Rf4 Re4 59. Rf3 f4 60. Ra3 Kg4 61. Rf3 Rb1 62. Ra3 f3+ 63. Kh2 Rb2 0-1

[Event "SixDays Budapest March IM B 2025"]
[Site "Budapest"]
[Date "2025.03.25"]
[Round "3.2"]
[White "Shah, Vishwa"]
[Black "Suder, Jakub"]
[Result "0-1"]
[Annotator "TA"]
[ECO "B24"]
[WhiteElo "2172"]
[BlackElo "2347"]
[PlyCount "67"]
[EventDate "2025.03.23"]
[EventCountry "HUN"]
[SourceTitle "playchess.com"]
[Source "ChessBase"]
[SourceQuality "1"]
[TimeControl "5400+30"]

1. e4 c5 2. Nc3 Nc6 3. Bb5 Nd4 4. Nf3 a6 5. Bd3 e6 6. O-O Nc6 {[%emt 0:00:33] B30: Sicilian: 2...Nc6 3 Bb5, lines without ...g6.} 7. b3 g6 8. Bb2 Bg7 {[%emt 0:00:06] The position is equal.} 9. Re1 {[%emt 0:02:19] 9.Na4 is more fashionable.} d6 10. Na4 e5 11. Nc3 Nge7 12. a4 O-O 13. Bc4 Kh8 $146 (13... Nd4 14. Nxd4 cxd4 15. Nd5 Nc6 16. c3 Be6 17. cxd4 exd4 {0-1 Grischuk,A (2776)-Le,T (2514) Titled Tuesday intern op 29th June blitz 2021 (11)}) 14. Nd5 f5 {[%emt 0:04:02] next ...fxe4 is good for Black.} 15. d3 Nxd5 16. Bxd5 Rb8 17. exf5 gxf5 18. Bxc6 bxc6 19. Nd2 f4 20. f3 Rf6 21. Qe2 Rg6 {[%emt 0:03:16] [#]} 22. Kh1 Qh4 23. Nf1 $2 (23. Qf1 $1 $15) 23... Be6 24. h3 Rg8 25. Nh2 Bf6 {[%emt 0:03:51][%cal Bg7f6,Bf6h4,Bh4g3][%mdl 32] [#]} 26. Rg1 Qg3 {[%emt 0:09:14][%cal Oe6h3] ( -> ...Bxh3!)} 27. Qe1 Qg5 28. Bc3 Qh5 (28... Bd8 $19 29. Rb1 R8g7) 29. Qe2 $17 Bh4 {[%emt 0:03:42] and ...Bg3 should not be overlooked} 30. Be1 Bg3 {[%emt 0:02:43] Black has more active pieces. The white rooks are passive.} 31. Ng4 Rxg4 $19 {[%emt 0:02:14] Black is clearly winning.} (31... Bxe1 $2 32. Raxe1 Bxg4 33. fxg4 Rxg4 34. Rb1 $19) 32. fxg4 Bxg4 33. Qf1 Be2 {[%emt 0:00:38] A strong pair of Bishops.} 34. Qf3 {Weighted Error Value: White=0.32/Black=0.09 (flawless)   Loses game:     	White=1     	---        Mistake:       	White=1     	Black=1      Inaccurate:     	White=2     	Black=1      OK:         	White=12    	Black=11     Best:        	White=1     	Black=1} 0-1

[Event "SixDays Budapest March IM B 2025"]
[Site "Budapest"]
[Date "2025.03.25"]
[Round "3.4"]
[White "Horvath, David"]
[Black "Katsanis, Vasileios Dim"]
[Result "1/2-1/2"]
[Annotator "NA RC"]
[ECO "D31"]
[WhiteElo "2279"]
[BlackElo "2253"]
[PlyCount "56"]
[EventDate "2025.03.23"]
[EventCountry "HUN"]
[SourceTitle "playchess.com"]
[Source "ChessBase"]
[SourceQuality "1"]
[TimeControl "5400+30"]

1. d4 d5 2. c4 e6 3. Nc3 a6 4. cxd5 exd5 5. Nf3 Nf6 6. Bg5 Be6 7. e3 Nbd7 8. Bd3 Bd6 9. h3 c6 10. Bf4 Qc7 11. Qd2 O-O 12. Bxd6 Qxd6 13. O-O g6 14. Qc2 Qe7 15. Rac1 Ne8 16. Na4 Nd6 17. Nc5 Rfe8 18. a4 Rac8 19. b4 Nb6 20. Nd2 Rc7 21. Nxe6 Qxe6 22. b5 axb5 23. axb5 Ndc4 24. bxc6 Rxc6 25. Nxc4 Nxc4 26. Bxc4 dxc4 27. Rb1 Rc7 28. Rb5 Ra8 1/2-1/2

[Event "SixDays Budapest March IM B 2025"]
[Site "Budapest"]
[Date "2025.03.25"]
[Round "3.5"]
[White "Kolimar, Kristof Pal"]
[Black "Pavan Karthikeya Varma Gunturi"]
[Result "1-0"]
[Annotator "NA RC"]
[ECO "E04"]
[WhiteElo "2284"]
[BlackElo "2015"]
[PlyCount "61"]
[EventDate "2025.03.23"]
[EventCountry "HUN"]
[SourceTitle "playchess.com"]
[Source "ChessBase"]
[SourceQuality "1"]
[TimeControl "5400+30"]

1. d4 Nf6 2. c4 e6 3. g3 d5 4. Bg2 dxc4 5. Nf3 c5 6. O-O Nc6 7. Ne5 Bd7 8. Nxc4 cxd4 9. Bf4 Be7 10. Nd6+ Kf8 11. Nxb7 Qb6 12. Nd6 Qc5 13. Ne4 Nxe4 14. Bxe4 e5 15. Bd2 f5 16. Bg2 e4 17. Na3 Rb8 18. Rc1 Qd5 19. Nc4 Kf7 20. f3 exf3 21. Bxf3 Qe6 22. e4 Rhc8 23. exf5 Qf6 24. Bd5+ Kf8 25. h4 h6 26. Bg5 hxg5 27. Qh5 Bc5 28. hxg5 d3+ 29. Kh1 g6 30. Qh6+ Qg7 31. fxg6+ 1-0

[Event "SixDays Budapest March IM B 2025"]
[Site "Budapest"]
[Date "2025.03.26"]
[Round "4.1"]
[White "Chakrabarty, Reyaansh"]
[Black "Pavan Karthikeya Varma Gunturi"]
[Result "1/2-1/2"]
[Annotator "NA RC"]
[ECO "B40"]
[WhiteElo "2181"]
[BlackElo "2015"]
[PlyCount "104"]
[EventDate "2025.03.23"]
[EventCountry "HUN"]
[SourceTitle "playchess.com"]
[Source "ChessBase"]
[SourceQuality "1"]
[TimeControl "5400+30"]

1. e4 c5 2. Nf3 e6 3. b3 a6 4. Bb2 b5 5. d4 cxd4 6. Nxd4 Bb7 $11 7. Bd3 d6 8. O-O Nf6 9. Qe2 Nbd7 10. Nd2 e5 11. Nf5 g6 12. Ne3 Bg7 13. a4 bxa4 14. Nec4 Nc5 15. Ba3 Rc8 16. Bxc5 Rxc5 17. b4 Rc7 18. Na5 d5 19. Nxb7 Rxb7 20. Rxa4 O-O 21. Bxa6 Rc7 22. Qd3 dxe4 23. Nxe4 Nxe4 24. Qxe4 Rc3 25. Bc4 Kh8 26. Ra7 f5 27. Qb7 Qf6 28. Bb3 e4 29. Qe7 Qxe7 30. Rxe7 Rd8 31. b5 Bd4 32. h3 Bc5 33. Re6 Bd4 34. Kh1 Rcc8 35. c4 Bc5 36. Rc6 Rxc6 37. bxc6 Rc8 38. Ba4 f4 39. g3 fxg3 40. fxg3 e3 41. Kg2 Bb4 42. Kf3 Rf8+ 43. Ke2 Rxf1 44. Kxf1 Bd6 45. g4 Kg7 46. g5 h6 47. h4 hxg5 48. hxg5 Kf7 49. Ke2 Bf4 50. Kf3 e2 51. Kxe2 Ke6 52. Kf3 Kf5 1/2-1/2

[Event "SixDays Budapest March IM B 2025"]
[Site "Budapest"]
[Date "2025.03.26"]
[Round "4.2"]
[White "Katsanis, Vasileios Dim"]
[Black "Kolimar, Kristof Pal"]
[Result "0-1"]
[Annotator "NA RC"]
[ECO "D35"]
[WhiteElo "2253"]
[BlackElo "2284"]
[PlyCount "120"]
[EventDate "2025.03.23"]
[EventCountry "HUN"]
[SourceTitle "playchess.com"]
[Source "ChessBase"]
[SourceQuality "1"]
[TimeControl "5400+30"]

1. d4 d5 2. c4 e6 3. Nc3 Nf6 4. cxd5 exd5 5. Bg5 c6 6. e3 h6 7. Bh4 Be7 8. Bd3 O-O 9. Nge2 Ne8 10. Bxe7 Qxe7 11. Qc2 Nd7 12. O-O Nd6 13. Rae1 Nf6 14. Nc1 Nfe4 15. f3 Nxc3 16. bxc3 f5 17. Nb3 Be6 18. Nd2 Rae8 19. a4 Qg5 20. f4 Qd8 21. Qb2 Qc7 22. Nf3 Nc4 23. Qc2 b5 24. Ne5 Rb8 25. g4 Nxe5 26. fxe5 fxg4 27. Rxf8+ Rxf8 28. axb5 cxb5 29. Bxb5 Bf5 30. Bd3 Bxd3 31. Qxd3 Qf7 32. Qe2 Qg6 33. Rf1 Rxf1+ 34. Kxf1 Qe4 35. Kg1 Kh7 36. c4 dxc4 37. Qxc4 Qxe3+ 38. Kg2 Qe4+ 39. Kf2 h5 40. e6 h4 41. Qc5 Qxe6 42. Qxa7 Qf5+ 43. Ke3 Qf3+ 44. Kd2 Qf2+ 45. Kd3 Qxh2 46. Qf7 Qd6 47. Kc4 g3 48. Qf3 Qg6 49. Qf4 Qf6 50. Qg4 Kh6 51. d5 Qg5 52. Qe6+ g6 53. Qe8 Qf4+ 54. Kc5 g2 55. Qe1 Qg3 56. Qg1 h3 57. Kc6 h2 58. Qc1+ Qg5 59. Qc3 Kh7 60. Qh3+ Qh5 0-1

[Event "SixDays Budapest March IM B 2025"]
[Site "Budapest"]
[Date "2025.03.26"]
[Round "4.3"]
[White "Savanovic, Aleksandar"]
[Black "Horvath, David"]
[Result "1-0"]
[Annotator "TA"]
[ECO "C11"]
[WhiteElo "2355"]
[BlackElo "2279"]
[PlyCount "121"]
[EventDate "2025.03.23"]
[EventCountry "HUN"]
[SourceTitle "playchess.com"]
[Source "ChessBase"]
[SourceQuality "1"]
[TimeControl "5400+30"]

1. e4 e6 2. d4 d5 3. Nc3 Nf6 4. e5 Nfd7 5. f4 c5 6. Nf3 Nc6 7. Be3 Be7 8. Qd2 a6 9. Be2 O-O {[%emt 0:07:40] C11: French: Classical System: 4 e5 and 4 Bg5 dxe4.} 10. O-O f6 11. exf6 Nxf6 {[%emt 0:00:09] Black sacrificed a pawn. White is slightly better.} 12. dxc5 Qa5 13. Kh1 Bxc5 $146 (13... Ng4 $14) ({Predecessor:} 13... Ng4 14. Bg1 Bxc5 15. Nd4 Bxd4 16. Bxd4 Nf6 17. Qe3 Nxd4 18. Qxd4 Bd7 19. Rae1 Rac8 20. Bd3 Rfe8 21. Re5 Qc5 22. Qxc5 Rxc5 23. h3 Rec8 24. Kh2 b5 25. Rfe1 {½-½ Nemeth,F (2430)-Gleizerov,E (2570) Galati Grand Prix op 2007 (9)}) 14. Bxc5 (14. Nxd5 $1 $16 Qxd2 15. Nxf6+ (15. Nxd2 Bxe3 16. Nxe3 Nd4 $16) 15... Rxf6 16. Bxd2) 14... Qxc5 $11 15. Bd3 {[%emt 0:03:37] Prevents Ne4.} Bd7 16. Rae1 Rae8 17. a3 b5 18. Ne2 e5 19. Nxe5 Nxe5 20. fxe5 Rxe5 21. c3 Ng4 22. Nd4 Rxe1 23. Qxe1 Rxf1+ 24. Bxf1 Qd6 {[%emt 0:00:12][%csl Gg4][%cal Rd6h2] [#]} 25. Nf3 Bf5 26. Qe8+ Qf8 27. Qxf8+ Kxf8 {[%emt 0:00:15][%mdl 4096] Endgame KBN-KBN} 28. Kg1 {[%emt 0:00:28] Prevents Nf2} Ke7 29. Be2 Be4 30. Nd2 Nf6 31. Kf2 Kd6 32. g3 Ke5 33. Ke3 Ne8 34. Nb3 Bf5 35. Nd4 Be4 36. Nc6+ Kd6 37. Nd4 Ke5 38. Bg4 Nd6 39. Nc6+ Kf6 40. b3 Bc2 41. b4 Nc4+ 42. Kd4 Nxa3 43. Bc8 Bb3 44. Bxa6 {[%emt 0:00:17] White is more active.} Bc4 45. Kc5 (45. Na5 $16) 45... Nb1 $14 46. Bxb5 Bxb5 47. Kxb5 Nxc3+ {[%emt 0:00:05] KN-KN} 48. Kc5 ({White should play} 48. Ka6 $16) 48... Kf5 (48... Ke6 $1 $14) 49. Kd4 $16 Nb5+ 50. Kxd5 Kg4 {[%emt 0:00:04] [#]} 51. Nd4 $1 Na3 52. b5 (52. Ne6 $16) 52... Nxb5 $1 $11 53. Nxb5 {[%emt 0:00:04] KN-KPP} Kh3 $2 {[%emt 0:00:08][%mdl 8192] Loses the game.} (53... h5 $1 $11) 54. Ke4 $18 {[%emt 0:00:06] aiming for Kf3.} Kxh2 $2 (54... Kg4 55. Nd4 Kg5) 55. Kf3 h5 56. Nd4 g5 57. Ne6 g4+ 58. Kf4 h4 59. gxh4 {[%emt 0:00:08] White mates.} ({Worse is} 59. Kxg4 hxg3 60. Nf4 g2 $11) 59... g3 60. Ng5 g2 61. Nf3+ {[%emt 0:00:05] Weighted Error Value: White=0.21 (precise) /Black=0.58  Loses game:     	---       	Black=1      Mistake:       	White=4     	Black=3      Inaccurate:     	White=2     	Black=5      OK:         	White=14    	Black=16     Best:        	White=8     	Black=2      Strong:       	---       	Black=1} 1-0

[Event "SixDays Budapest March IM B 2025"]
[Site "Budapest"]
[Date "2025.03.26"]
[Round "4.4"]
[White "Suder, Jakub"]
[Black "Vuelban, Virgilio"]
[Result "0-1"]
[Annotator "ChessBase"]
[ECO "E94"]
[WhiteElo "2347"]
[BlackElo "2244"]
[PlyCount "96"]
[EventDate "2025.03.23"]
[EventCountry "HUN"]
[SourceTitle "playchess.com"]
[Source "ChessBase"]
[SourceQuality "1"]
[TimeControl "5400+30"]

1. d4 Nf6 2. c4 g6 3. Nc3 Bg7 4. e4 d6 5. Nf3 O-O 6. Be2 e5 7. O-O Bg4 8. d5 a5 9. Ne1 Bd7 10. Nd3 Na6 11. Be3 b6 12. b3 Nc5 13. f3 Nh5 14. Qd2 f5 15. Rab1 f4 16. Bf2 Bf6 17. a3 Bh4 18. b4 Nxd3 19. Bxd3 Bg3 20. Ne2 Bxf2+ 21. Rxf2 axb4 22. axb4 g5 23. Nc3 Kh8 24. Be2 Rg8 25. Qb2 g4 26. fxg4 Bxg4 27. Bxg4 Rxg4 28. Ra1 Rc8 29. Qe2 Qh4 30. Qf3 Rcg8 31. Ne2 Nf6 32. c5 bxc5 33. bxc5 R4g6 34. h3 Rh6 35. Ra3 Ng4 36. Rf1 Ne3 37. Rxe3 fxe3 38. cxd6 cxd6 39. Qxe3 Qxh3 40. Qxh3 Rxh3 41. Rf6 Rh4 42. Rxd6 Rxe4 43. Nc3 Reg4 44. Nb5 Rxg2+ 45. Kf1 R2g6 46. Rd7 R6g7 47. Rd6 Rb8 48. Nc3 Rc7 0-1

[Event "SixDays Budapest March IM B 2025"]
[Site "Budapest"]
[Date "2025.03.26"]
[Round "4.5"]
[White "Banerjee, Supratit"]
[Black "Shah, Vishwa"]
[Result "1/2-1/2"]
[Annotator "TA"]
[ECO "B51"]
[WhiteElo "2250"]
[BlackElo "2172"]
[PlyCount "57"]
[EventDate "2025.03.23"]
[EventCountry "HUN"]
[SourceTitle "playchess.com"]
[Source "ChessBase"]
[SourceQuality "1"]
[TimeControl "5400+30"]

1. e4 c5 2. Nf3 d6 3. Bb5+ Nd7 4. O-O a6 5. Bxd7+ Bxd7 6. c3 Nf6 {[%emt 0:03:52][%cal Bg8f6,Bf6d5,Bd5b4,Bb4c6][%mdl 32] B51: Sicilian: Moscow Variation (3 Bb5+) without 3...Bd7.} 7. Re1 e6 8. d4 Be7 9. e5 dxe5 10. dxe5 Nd5 11. c4 Nb4 12. a3 Nc6 13. Nc3 O-O 14. Ne4 Qc7 (14... Na5 $1 $11) 15. Bg5 $146 (15. Bf4 $14) (15. Bf4 Rad8 16. Qc2 h6 17. Rad1 Bc8 18. g3 Rxd1 19. Rxd1 g5 20. Nfxg5 hxg5 21. Nf6+ Bxf6 22. exf6 gxf4 {1-0 Mahdavi,R (2436)-Volkov,M (2325) Titled Tuesday intern op 25th Feb Early blitz 2025 (7)}) 15... Bxg5 (15... f6 $11 16. exf6 gxf6) 16. Nexg5 $16 h6 {[%emt 0:01:10] [#]} ({Black should try} 16... Rad8 $14) 17. Ne4 $2 ({Only move:} 17. Qd3 $1 $18 hxg5 18. Nxg5) 17... Rad8 18. Qd6 Qxd6 19. Nxd6 Bc8 20. Rad1 Rd7 21. Rd2 Rfd8 22. Red1 Kf8 23. Kf1 b6 24. Ke2 a5 25. Nxc8 {[%emt 0:03:00] Excellent horsemanship.} Rxd2+ 26. Rxd2 Rxc8 27. Rd7 a4 28. Ke3 Ke8 29. Rd6 {[%emt 0:04:58] Weighted Error Value: White=0.18 (very precise) /Black=0.21 (precise)   Missed win:     	White=1     	---        Mistake:       	White=1     	Black=3      Inaccurate:     	White=1     	---        OK:         	White=5     	Black=15} 1/2-1/2

[Event "SixDays Budapest March IM B 2025"]
[Site "Budapest"]
[Date "2025.03.27"]
[Round "6.1"]
[White "Chakrabarty, Reyaansh"]
[Black "Katsanis, Vasileios Dim"]
[Result "1/2-1/2"]
[Annotator "TA"]
[ECO "B10"]
[WhiteElo "2181"]
[BlackElo "2253"]
[PlyCount "101"]
[EventDate "2025.03.23"]
[EventType "tourn"]
[EventCountry "HUN"]
[SourceTitle "playchess.com"]
[Source "ChessBase"]
[SourceQuality "1"]
[TimeControl "5400+30"]

1. e4 c6 2. Nf3 d5 3. Nc3 dxe4 4. Nxe4 Nf6 5. Qe2 Nxe4 6. Qxe4 Qa5 {[%emt 0:00:07] B11: Caro-Kann: Two Knights Variation.} 7. b4 Qd5 8. Qh4 Bf5 {[%emt 0:13:17] The position is equal.} 9. Bc4 Qd6 10. Bb3 $146 (10. d3 $11) (10. O-O e6 11. d3 Be7 12. Bg5 Bxg5 13. Qxg5 O-O 14. Nh4 Bg6 15. Rae1 Nd7 16. f4 {0-1 Tejedor Fuente,E (2419)-Gines Esteo,P (2455) Gijon 14th 2022 (1)}) 10... e6 $15 11. a3 a5 12. Bb2 Nd7 {[%emt 0:11:30] Wards off Be5} 13. O-O Be7 14. Qd4 Qxd4 15. Nxd4 {[%emt 0:00:21] A sharp opening} Bg6 16. f4 Bf6 (16... axb4 17. axb4 O-O 18. Rxa8 (18. Nxe6 fxe6 19. Rxa8 Rxa8 $14) 18... Rxa8 19. Nxe6 Bxb4 (19... fxe6 20. Bxe6+ Kf8 21. Bxd7 $11) 20. f5 (20. Nxg7 Nc5 $11) 20... fxe6 21. fxg6 $16) 17. Bc3 a4 18. Ba2 O-O-O 19. f5 Bxf5 20. Nxf5 exf5 21. Bxf7 g6 22. Bxf6 Nxf6 23. d3 Rhf8 24. Be6+ Kc7 25. Rae1 Rde8 26. Ba2 Kd6 27. c4 Ng4 28. c5+ Kd7 29. Bb1 Ne3 30. Rf3 Nd5 31. Kf2 Rxe1 32. Kxe1 $11 {[%emt 0:00:08][%mdl 4096] Endgame KRB-KRN} f4 33. g3 g5 34. gxf4 Nxf4 35. Kd2 Ke6 36. Bc2 g4 37. Re3+ Kf6 38. Bxa4 h5 39. Bd1 (39. Re4 $1 $14 Kg5 40. Re7) 39... Nd5 40. Re4 Kg5 41. Bb3 Rf2+ 42. Re2 Rxe2+ 43. Kxe2 {[%emt 0:00:01] KB-KN. White is a pawn up.} Nf4+ 44. Ke3 h4 45. Bd1 Kf5 46. Bb3 h3 (46... Kg5 $11) 47. Kf2 $1 $16 Nxd3+ (47... Nh5 $142 48. Ba2 Ke5) 48. Kg3 $18 {[%emt 0:00:22] Threatens to win with Bc2.} Nf4 {[%emt 0:00:25] [#]} 49. Bd1 {[%emt 0:00:14] Prevents Ne2+} Nh5+ 50. Kh4 Nf6 {[%emt 0:01:01] [#]} 51. a4 $1 {[%emt 0:00:08] Weighted Error Value: White=0.07 (flawless) /Black=0.13 (very precise)   Mistake:       	White=2     	Black=2      Inaccurate:     	White=2     	Black=3      OK:         	White=21    	Black=20     Best:        	White=4     	Black=1      Strong:       	White=2     	---} 1/2-1/2

[Event "SixDays Budapest March IM B 2025"]
[Site "Budapest"]
[Date "2025.03.27"]
[Round "6.2"]
[White "Savanovic, Aleksandar"]
[Black "Pavan Karthikeya Varma Gunturi"]
[Result "1-0"]
[Annotator "TA"]
[ECO "B47"]
[WhiteElo "2355"]
[BlackElo "2015"]
[PlyCount "79"]
[EventDate "2025.03.23"]
[EventType "tourn"]
[EventCountry "HUN"]
[SourceTitle "playchess.com"]
[Source "ChessBase"]
[SourceQuality "1"]
[TimeControl "5400+30"]

1. e4 c5 2. Nf3 e6 3. d4 cxd4 4. Nxd4 Nc6 5. Nc3 Qc7 6. Be2 Nf6 7. O-O Be7 8. Be3 d6 9. f4 O-O 10. Kh1 Nxd4 11. Qxd4 d5 $146 {[%emt 0:02:55] B83: Sicilian Scheveningen: 6 Be2, lines without ...a6.} (11... b6 12. a4 Bb7 13. Bf3 d5 14. e5 Ne4 15. Bxe4 dxe4 16. Nb5 Qc6 17. Qd2 Rfd8 18. Nd4 Qc7 19. b3 {0-1 Pranav,V (2598)-Vokhidov,S (2643) Abu Dhabi op-A 30th 2024 (7)}) 12. e5 $16 Nd7 13. Qd2 Bc5 {[%emt 0:00:04] White has an edge.} 14. Bxc5 Qxc5 15. Nb5 f6 16. Nd4 (16. b4 $5 Qe7 17. c4 dxc4 18. Bxc4 $14 (18. Nc7 Rb8 $14)) 16... Qe7 17. Qe3 {[%emt 0:15:53] White has more active pieces.} Nc5 18. c4 fxe5 19. Qxe5 Rd8 {[%emt 0:11:15] A mistake that costs the game.} (19... Qf6 $16) 20. cxd5 $18 Rxd5 {[%emt 0:02:05] [#]} 21. Qe3 Qf6 22. Rad1 Bd7 23. Bc4 Rh5 (23... Na4 {keeps fighting.} 24. Bxd5 exd5) 24. b4 Na4 25. Nxe6 (25. Bxe6+ Bxe6 26. Nxe6 Re8) 25... Nb2 $2 (25... Bxe6 26. Bxe6+ Kh8) 26. Rxd7 Nxc4 27. Qe2 (27. Rxg7+ Qxg7 28. Qb3 Qh6 29. Qxc4 b5 $15 (29... Rxh2+ 30. Kg1 $17)) 27... Qh6 (27... Rh6 $142 28. Nxg7 (28. Rxg7+ Kh8 $18) 28... Nd6) 28. Rxg7+ Kh8 29. h3 b5 30. Rg5 Rxg5 31. fxg5 Qg6 32. Qf3 Re8 33. Qf6+ Qxf6 34. gxf6 {[%emt 0:00:05][%mdl 4096] [#] Endgame Threatening mate with f7. KRN-KRN. White is two pawns up.} ({But not} 34. Rxf6 Ne3 35. Nc7 Re7 $18) 34... Nd6 ({Not} 34... Rxe6 35. f7 Kg7 36. f8=Q+ (36. f8=B+ Kg6 $16) 36... Kg6 37. Qg8+ Kh6 38. Qxe6+ Kg5 39. Qg4+ Kh6 40. Rf6#) 35. f7 Nxf7 36. Rxf7 {[%emt 0:00:02] and Rf8+ should not be overlooked} Rxe6 37. Rxa7 Re4 38. a3 Re3 39. Kh2 Rd3 40. h4 {[%emt 0:00:10] Weighted Error Value: White=0.39/Black=0.72  Mistake:       	---       	Black=4      Inaccurate:     	White=1     	Black=2      OK:         	White=10    	Black=5      Best:        	White=1     	Black=3} 1-0

[Event "SixDays Budapest March IM B 2025"]
[Site "Budapest"]
[Date "2025.03.27"]
[Round "6.3"]
[White "Suder, Jakub"]
[Black "Kolimar, Kristof Pal"]
[Result "1/2-1/2"]
[Annotator "TA"]
[ECO "D35"]
[WhiteElo "2347"]
[BlackElo "2284"]
[PlyCount "74"]
[EventDate "2025.03.23"]
[EventType "tourn"]
[EventCountry "HUN"]
[SourceTitle "playchess.com"]
[Source "ChessBase"]
[SourceQuality "1"]
[TimeControl "5400+30"]

1. c4 e6 2. Nc3 d5 3. d4 Nf6 4. cxd5 exd5 5. Bg5 c6 6. e3 h6 7. Bh4 Be7 8. Bd3 O-O 9. Qc2 {[%emt 0:00:12] 9.Bg3 is setting a new trend.} Ne8 {[%emt 0:00:15] D36: Queen's Gambit Declined: Exchange Variation: Main line (5 Bg5 c6 6 Qc2).} 10. Bg3 Nd6 11. Nf3 Be6 {[%emt 0:00:18] White is slightly better.} 12. O-O Nd7 13. Ne5 Nf6 14. f3 Rc8 $146 ({Predecessor:} 14... Qc8 15. Rae1 c5 16. Qf2 Bf5 17. Bh4 g5 18. Bg3 Bxd3 19. Nxd3 c4 20. Nb4 Qe6 {1-0 Caruana,F (2786)-Esipenko,A (2683) Titled Tuesday intern op 12th Sep Early blitz 2023 (7)}) 15. Rad1 b5 {[%emt 0:07:22][%cal Bb7b5,Bb5b4][%mdl 32] Strong Square White (e5)} 16. Qe2 {[%emt 0:11:26] White is much more active.} ({Better is} 16. b3 $16) 16... Qa5 17. Be1 {[%emt 0:06:20][%cal Oc3d5] [#] Threatens to win with Nxd5!.} (17. b3 $5) 17... b4 18. Nb1 Qb6 ({Reject} 18... Qxa2 19. Bxb4 Nf5 20. Nc3 $16) 19. Nd2 Bf5 20. Bxf5 Nxf5 21. Qd3 Nd6 22. Bh4 Rfe8 23. Rc1 Nb7 24. Bxf6 Bxf6 25. Nd7 Qd8 26. Nxf6+ Qxf6 27. e4 c5 28. e5 (28. exd5 $11 Qxd4+ 29. Qxd4 cxd4 30. Nb3) 28... Qb6 $15 {[%emt 0:00:56] ...c4 is the strong threat.} 29. f4 $1 cxd4 ({Black should try} 29... c4 $17 30. Qe3 Nd6) 30. Nf3 Nc5 31. Qxd4 Nd3 32. Qxb6 axb6 33. Rcd1 {[%emt 0:00:05] The position is equal.} (33. Rxc8 Rxc8 34. Rd1 Nxf4 $19 (34... Nxb2 35. Rxd5 Ra8 36. f5 $11)) 33... Nxf4 {[%emt 0:03:00] ...Ne2+ poses a challenge} 34. g3 $1 Ne6 35. Rxd5 Rc2 36. Rf2 Rc1+ 37. Rf1 Rc2 {[%emt 0:01:39] Weighted Error Value: White=0.15 (very precise) /Black=0.10 (very precise)   Mistake:       	White=2     	Black=1      Inaccurate:     	White=3     	Black=3      OK:         	White=13    	Black=17     Best:        	White=1     	---        Strong:       	White=2     	---} 1/2-1/2